 Dungeon Crawl Stone Soup version 0.31.0 (webtiles) character file.

Game seed: 3725294771709932553

623 qw the Shooter (level 7, -3/44 HPs)
             Began as a Gargoyle Hunter on Jan 20, 2024.
             Was a Follower of Okawaru.
             Slain by a wight
             ... wielding a +0 great sword
              (5 damage)
             ... on level 4 of the Dungeon.
             The game lasted 00:00:15 (3368 turns).

qw the Shooter (Gargoyle Hunter)                    Turns: 3368, Time: 00:00:16

Health: -3/44      AC: 13    Str: 14    XL:     7   Next: 47%
Magic:  8/8        EV: 10    Int: 10    God:    Okawaru [*.....]
Gold:   140        SH:  0    Dex: 15    Spells: 6/6 levels left

rFire   . . .        a - +1 shortbow
rCold   . . .        (shield currently unavailable)
rNeg    + . .        e - +0 ring mail
rPois   inf          (no helmet)
rElec   +            (no cloak)
rCorr   .            g - +2 pair of gloves
SInv    .            (no boots)
Will    .....        (no amulet)
Stlth   +            (no ring)
HPRegen 0.27/turn    (no ring)
MPRegen 0.11/turn

%: no passive effects
@: about to teleport
A: sickness immunity, AC +4, negative energy resistance 1, electricity
resistance, torment resistance 1, petrification resistance
a: Renounce Religion, Heroism


You were on level 4 of the Dungeon.
You worshipped Okawaru.
Okawaru was aware of your devotion.
You visited 1 branch of the dungeon, and saw 4 of its levels.
You also visited: Sewer.

You collected 140 gold pieces.


Innate Abilities, Weirdness & Mutations

You are immune to sickness and miasma.
Your stone body is resilient. (AC +4)
You are immune to poison.
You resist negative energy. (rN+)
You are resistant to electric shocks. (rElec)
You are resistant to unholy torment.
You are immune to petrification.


   Skills:
 - Level 5.4 Fighting
 + Level 7.1 Ranged Weapons
 - Level 1.0 Armour
 - Level 1.5 Dodging
 - Level 1.1 Stealth
 + Level 1.9 Invocations


You had 6 spell levels left.
You didn't know any spells.
Your spell library was empty.

Inventory:

Hand Weapons
 a - a +1 shortbow (weapon)
Armour
 e - a +0 ring mail (worn)
 g - a +2 pair of gloves (worn)
Scrolls
 b - a scroll of amnesia {unknown}
Potions
 c - a potion of haste {unknown}
 d - a potion of cancellation
 f - a potion of curing {unknown}
 h - a potion of magic {unknown}
 i - 2 potions of enlightenment
 j - a potion of degeneration {unknown}
 k - a potion of mutation {unknown}
 l - a potion of heal wounds {unknown}

Dungeon Overview and Level Annotations

Branches:
Dungeon (4/15)             Temple (0/1) D:4           Sewer (visited)

Altars:
Makhleb
Okawaru
Xom

Annotations:
D:2 1 runed translucent door, Crazy Yiuf


Message History

The wight is heavily damaged.
The wight barely misses you. The wight hits you with a +3 war axe.
You shoot an arrow. The arrow hits the wight!
You destroy the wight!
Okawaru accepts your kill.
You shoot an arrow. The arrow barely misses the wight.
The wight hits you but does no damage. The wight closely misses you.
You shoot an arrow.
The arrow hits the wight but does no damage.
The wight hits you with a +0 great sword!
The wight hits you but does no damage.
You shoot an arrow.
The arrow hits the wight but does no damage.
The wight closely misses you.
The wight hits you from afar with a +0 spear.
You shoot an arrow.
The arrow hits the wight but does no damage.
The wight hits you with a +0 great sword.
The wight hits you from afar with a +0 spear.
You shoot an arrow. The arrow closely misses the wight.
The wight misses you.
The wight hits you but does no damage. x2
You shoot an arrow. The arrow closely misses the wight.
The wight hits you but does no damage.
The wight hits you with a +0 great sword.
You shoot an arrow. The arrow closely misses the wight.
The wight hits you from afar with a +0 spear.
The wight misses you.
3366 ||| READING scroll of teleportation.
As you read the scroll of teleportation, it crumbles to dust.
You feel strangely unstable. The wight hits you but does no damage.
The wight barely misses you.
You shoot an arrow. The arrow hits the wight.
The wight is heavily damaged.
The wight hits you from afar with a +0 spear.
The wight closely misses you.
The wight hits you from afar with a +0 spear!
You shoot an arrow. The arrow hits the wight.
The wight is severely damaged.
The wight hits you with a +0 great sword.
You die...

............##.....#######
.............#.#####
............#..# ###
............#..# #.####
...........##.## #....###
).........##..# #......###
..........##..## #........###
...............### ##.........##
.........#####..@####..........#
.......# ####zz.##.........##
......# ###.............. .....#
##...........## ....##
#...#......## #...##.....#
##z.###....# #..# ###.## #..#
###


You could see 2 wights.

Vanquished Creatures
  Sigmund (D:2)
  Menkaure (D:4)
  A wight (D:4)
  2 howler monkeys (D:4)
  2 hounds (D:4)
  A hell rat (Sewer)
  3 adders
  2 river rats (Sewer)
  3 dart slugs
  A ribbon worm (D:2)
  3 orcs
  8 endoplasms
  A giant cockroach (D:2)
  6 goblins
  4 hobgoblins
  5 jackals
  7 quokkas
  8 ball pythons
  5 bats
  2 frilled lizards (D:1)
  7 kobolds
  10 rats
83 creatures vanquished.

Notes
Turn   | Place    | Note
-------+----------+-------------------------------------------
     0 | D:1      | qw the Gargoyle Hunter began the quest for the Orb.
     0 | D:1      | Reached XP level 1. HP: 12/12 MP: 1/1
     0 | D:1      | 0 ||| qw: Version: 0.3-a-132-g3d54051
     0 | D:1      | 0 ||| qw: Game counter: 495
     0 | D:1      | 0 ||| qw: Melee chars always use a shield: true
     0 | D:1      | 0 ||| qw: God list: Okawaru
     0 | D:1      | 0 ||| qw: Allow faded altars: false
     0 | D:1      | 0 ||| qw: Do Orc after clearing Dungeon:15 true
     0 | D:1      | 0 ||| qw: Do second Lair branch before Depths: true
     0 | D:1      | 0 ||| qw: Lair rune preference: random
     0 | D:1      | 0 ||| qw: Goals: Normal
     0 | D:1      | 0 ||| PLANNING D:1-11
   157 | D:1      | Reached XP level 2. HP: 17/17 MP: 2/2
   625 | D:1      | Reached XP level 3. HP: 21/21 MP: 3/3
   709 | D:1      | Reached skill level 5 in Ranged Weapons
   935 | D:1      | 935 ||| UPGRADING to +0 ring mail.
   945 | D:1      | 945 ||| DROPPING +0 leather armour.
   946 | D:1      | 946 ||| UPGRADING to +0 pair of gloves.
   951 | D:1      | 951 ||| READING scroll labelled DUF HIC KOEKHE.
   952 | D:1      | 952 ||| READING scroll labelled TEPPONE ISICWE.
   952 | D:1      | 952 ||| ENCHANTING +0 pair of gloves.
   953 | D:1      | 953 ||| READING scroll labelled YNOUCI PAEHY.
   954 | D:1      | 954 ||| DROPPING scroll of butterflies.
   984 | D:2      | Reached skill level 1 in Armour
   984 | D:2      | 984 ||| STAIRDANCE
  1037 | D:2      | Found a runed translucent door.
  1038 | D:2      | Noticed Crazy Yiuf
  1236 | D:2      | 1236 ||| FLEEEEING.
  1305 | D:2      | Noticed Sigmund
  1314 | D:2      | Killed Sigmund
  1315 | D:2      | Reached XP level 4. HP: 31/31 MP: 4/4
  1315 | D:2      | Reached XP level 5. HP: 35/35 MP: 5/5
  1391 | D:2      | Reached XP level 6. HP: 39/40 MP: 6/6
  1503 | D:2      | 1503 ||| FLEEEEING.
  1738 | D:2      | 1738 ||| READING scroll labelled RAITSE OSAOKUD.
  1739 | D:2      | 1739 ||| READING scroll labelled WOCZED GERAIMN.
  1739 | D:2      | 1739 ||| ENCHANTING +0 shortbow.
  1879 | D:3      | Found a burning altar of Makhleb.
  1930 | D:3      | 1930 ||| READING scroll of enchant armour.
  1930 | D:3      | 1930 ||| ENCHANTING +1 pair of gloves.
  1934 | D:3      | Found an iron altar of Okawaru.
  1935 | D:3      | 1935 ||| PLANNING OKAWARU WORSHIP
  1935 | D:3      | 1935 ||| READING 2 scrolls labelled JAYNOSM MITU.
  2036 | D:3      | 2036 ||| READING scroll labelled JETUGUE MUIZXA.
  2037 | D:3      | 2037 ||| READING scroll labelled NULLYF LIXIBB.
  2038 | D:3      | 2038 ||| FLEEEEING.
  2042 | D:3      | 2042 ||| STAIRDANCE
  2224 | D:2      | 2224 ||| DROPPING scroll of silence.
  2295 | D:3      | Became a worshipper of Warmaster Okawaru
  2296 | D:3      | 2296 ||| PLANNING D:1-11
  2337 | D:3      | Found a shimmering altar of Xom.
  2636 | D:3      | 2636 ||| READING scroll labelled NASEGE BORAZO.
  2637 | D:3      | 2637 ||| FLEEEEING.
  2640 | D:3      | 2640 ||| READING 3 scrolls labelled JOKHUA XETT.
  2641 | D:3      | 2641 ||| DRINKING 2 cyan potions.
  2642 | D:3      | 2642 ||| DRINKING 2 lumpy ruby potions.
  2643 | D:3      | 2643 ||| DROPPING 2 scrolls of noise.
  2658 | D:4      | 2658 ||| PLANNING SEWER
  2913 | D:4      | Found a staircase to the Ecumenical Temple.
  2927 | D:4      | Reached skill level 6 in Ranged Weapons
  2950 | D:4      | Found a glowing drain.
  2951 | D:4      | 2951 ||| READING scroll labelled JUNAOLL BEZIU.
  2954 | D:4      | Noticed Menkaure
  2960 | D:4      | Killed Menkaure
  2960 | D:4      | Reached * piety under Okawaru
  2961 | D:4      | Reached XP level 7. HP: 37/44 MP: 7/7
  2961 | D:4      | 2961 ||| FLEEEEING.
  2962 | D:4      | 2962 ||| FLEEEEING.
  2963 | D:4      | 2963 ||| FLEEEEING.
  2964 | D:4      | 2964 ||| FLEEEEING.
  2965 | D:4      | 2965 ||| FLEEEEING.
  2966 | D:4      | 2966 ||| FLEEEEING.
  2967 | D:4      | 2967 ||| FLEEEEING.
  2968 | D:4      | 2968 ||| FLEEEEING.
  2969 | D:4      | 2969 ||| FLEEEEING.
  2970 | D:4      | 2970 ||| FLEEEEING.
  3001 | Sewer    | Entered a sewer
  3127 | Sewer    | 3127 ||| READING scroll labelled VIROLI SILORO.
  3127 | Sewer    | 3127 ||| IDENTIFYING silvery potion
  3128 | Sewer    | 3128 ||| DROPPING potion of lignification.
  3136 | D:4      | 3136 ||| PLANNING D:1-11
  3142 | D:4      | Reached skill level 1 in Invocations
  3213 | D:4      | Reached skill level 7 in Ranged Weapons
  3223 | D:4      | 3223 ||| FLEEEEING.
  3340 | D:4      | 3340 ||| RETREEEEATING.
  3344 | D:4      | 3344 ||| RETREEEEATING.
  3345 | D:4      | 3345 ||| RETREEEEATING.
  3346 | D:4      | 3346 ||| RETREEEEATING.
  3347 | D:4      | 3347 ||| RETREEEEATING.
  3348 | D:4      | 3348 ||| RETREEEEATING.
  3349 | D:4      | 3349 ||| RETREEEEATING.
  3350 | D:4      | 3350 ||| RETREEEEATING.
  3351 | D:4      | 3351 ||| RETREEEEATING.
  3352 | D:4      | 3352 ||| RETREEEEATING.
  3354 | D:4      | 3354 ||| RETREEEEATING.
  3365 | D:4      | HP: 11/44 [wight/+0 spear (2)]
  3366 | D:4      | 3366 ||| READING scroll of teleportation.
  3367 | D:4      | HP: 2/44 [wight/+0 spear (7)]
  3368 | D:4      | Slain by a wight

Levels and vault maps discovered:
D:1:      dpeg_arrival_oval, layout_basic
D:2:      layout_loops_ring, uniq_crazy_yiuf_cottage, uniq_sigmund
D:3:      minmay_general_purpose_star, layout_rooms, bloody_makhleb,
          old_standard_altar, old_standard_altar
D:4:      layout_cave_pods, minmay_temple_entry_stoned_glass,
          portal_sewer_entry_a, uniq_menkaure

Skill      XL: |  1  2  3  4  5  6  7 |
---------------+----------------------+-----
Ranged Weapons | 5 6 7 |  7.1
Armour         | 1 |  1.0
Fighting       | 5 |  5.4
Invocations    | 1 |  1.9
Dodging        | |  1.5
Stealth        | |  1.1

Action                     |  1- 3 |  4- 6 |  7- 9 || total
---------------------------+-------+-------+-------++-------
   Fire: Shortbow          |   130 |   118 |    57 ||   305
    Use: Scroll            |     3 |     9 |     2 ||    14
         Potion            |       |     2 |       ||     2
 Armour: Leather armour    |    25 |       |       ||    25
         Ring mail         |    20 |    53 |    28 ||   101
  Dodge: Dodged            |    45 |    39 |    11 ||    95

Table legend:
 A = Non-vault XP
 B = Vault XP
 C = Vault XP percentage of total XP
 D = Non-vault monster count
 E = Vault monster count
 F = Vault count percentage of total count
                 A         B        C        D         E       F
            +---------+---------+-------+---------+---------+-------
      Total |     415 |     476 |  53.4 |      66 |      17 |  20.5
            +---------+---------+-------+---------+---------+-------
        D:1 |      41 |       0 |   0.0 |      25 |       0 |   0.0
        D:2 |      60 |     226 |  79.0 |      18 |       1 |   5.3
        D:3 |      19 |       9 |  32.1 |      10 |       4 |  28.6
        D:4 |     295 |     175 |  37.2 |      13 |       4 |  23.5
      Sewer |       0 |      66 | 100.0 |       0 |       8 | 100.0
            +---------+---------+-------+---------+---------+-------
